 Dungeon Crawl Stone Soup version 0.30-b1-2-g02819fbbbe (webtiles) character file.

Game seed: 9329693785745539467

128209 Kay the Hoplite (level 16, 0/146 HPs)
             Began as a Minotaur Monk on Nov 10, 2023.
             Was the Champion of Uskayaw.
             Slain by a +2 broad axe of electrocution (17 damage)
             ... on level 2 of the Elven Halls.
             The game lasted 01:07:06 (17633 turns).

Kay the Hoplite (Minotaur Monk)                    Turns: 17633, Time: 01:07:07

Health: 0/146      AC: 33    Str: 26    XL:     16   Next: 47%
Magic:  6/15       EV: 19    Int:  7    God:    Uskayaw [******]
Gold:   1221       SH: 17    Dex: 17    Spells: 15/15 levels left

rFire   . . .        a - +8 whip (flame)
rCold   . . .        G - +1 kite shield
rNeg    . . .        b - +18 Lear's hauberk
rPois   +            (helmet currently unavailable)
rElec   .            Q - +1 cloak of Starlight {*Dazzle EV+4 Stlth--}
rCorr   .            (gloves currently unavailable)
SInv    +            (boots currently unavailable)
Will    +....        z - amulet of regeneration Stlth
                     v - +6 ring of strength
HPRegen 1.24/turn    F - ring of see invisible
MPRegen 0.14/turn

%: no passive effects
@: studying 2 skills
A: horns 2, retaliatory headbutt, talons 1, poison resistance
a: Renounce Religion, Stomp, Line Pass, Grand Finale


You were on level 2 of the Elven Halls.
You worshipped Uskayaw.
Uskayaw was noncommittal.
You visited 3 branches of the dungeon, and saw 20 of its levels.
You also visited: Wizlab.

You collected 2168 gold pieces.
You spent 947 gold pieces at shops.

Inventory:

Hand Weapons
 a - a +8 whip of flaming (weapon)
 j - the +3 dire flail of Destiny {freeze, Str+6}
   (You took it off a two-headed ogre on level 11 of the Dungeon)

   Str:       It affects your strength (+6).
 k - a +0 whip of draining
 q - a +2 whip of electrocution
 r - a +1 vampiric hand axe
 s - a +4 heavy sling
 D - a +2 dagger of freezing
Missiles
 f - 10 curare-tipped darts
 y - 2 throwing nets (quivered)
Armour
 b - the +18 Lear's hauberk (worn)
   (You found it on level 8 of the Dungeon)
 d - an orb of light
 l - a +2 chain mail of fire resistance
 A - +0 swamp dragon scales
 G - a +1 kite shield (worn)
 O - a +2 leather armour of cold resistance
 Q - the +1 cloak of Starlight (worn) {*Dazzle EV+4 Stlth--}
   (You bought it in a shop on level 14 of the Dungeon)

   *Dazzle:   It may blind those who miss an attack against the wearer in melee
   combat.
   EV:        It affects your evasion (+4).
   Stlth:     It makes you much less stealthy.
 U - a +1 leather armour of poison resistance
Jewellery
 m - a +6 ring of dexterity
 u - the ring of Orphoj {Wiz *Corrode +Blink Will+ Int+8}
   (You found it on level 6 of the Dungeon)

   [ring of wizardry]

   It improves your spell success rate.
   Int:       It affects your intelligence (+8).
   +Blink:    It lets you blink.
   *Corrode:  It may corrode you when you take damage.
   Will:      It increases your willpower.
 v - a +6 ring of strength (left hand)
 w - a ring of ice
 z - an amulet of regeneration (around neck)
 F - a ring of see invisible (right hand)
 J - a ring of wizardry
 R - a ring of willpower
Wands
 e - a wand of iceblast (1)
 t - a wand of digging (11)
 B - a wand of flame (32)
 H - a wand of polymorph (19)
 M - a wand of light (24)
 P - a wand of charming (36)
 X - a wand of mindburst (8)
Scrolls
 i - 12 scrolls of identify
 o - 2 scrolls of blinking
 p - a scroll of immolation
 x - 2 scrolls of fear {unknown}
 I - 3 scrolls of vulnerability
 L - a scroll of teleportation
 V - a scroll of poison {unknown}
Potions
 c - 2 potions of ambrosia
 g - 13 potions of curing
 h - 6 potions of brilliance
 n - 3 potions of haste
 C - 5 potions of heal wounds
 E - a potion of invisibility {unknown}
 K - 2 potions of mutation
 N - 6 potions of lignification
 S - a potion of flight
 T - 3 potions of berserk rage
 W - 3 potions of resistance {unknown}
 Y - a potion of might


   Skills:
 + Level 14.0 Fighting
 + Level 15.7 Maces & Flails
 + Level 13.3 Armour
 + Level 11.8 Dodging
 * Level 21.4 Shields


You had 15 spell levels left.
You didn't know any spells.
Your spell library contained the following spells:

 Spells                   Type           Power      Damage    Failure   Level
 Apportation              Tloc           0%         N/A       88%         1
 Beastly Appendage        Tmut           0%         N/A       88%         1
 Kiss of Death            Conj/Necr      0%         2d5       88%         1
 Magic Dart               Conj           0%         1d3       88%         1
 Scorch                   Fire           0%         2d5       96%         2
 Searing Ray              Conj           0%         2d4       96%         2
 Confusing Touch          Hex            0%         N/A       99%         3
 Gell's Gravitas          Tloc           0%         N/A       99%         3
 Ignite Poison            Fire/Tmut/Pois 0%         N/A       99%         3
 Stone Arrow              Conj/Erth      0%         3d7       99%         3
 Summon Guardian Golem    Hex/Summ       0%         N/A       99%         3
 Teleport Other           Tloc           0%         N/A       99%         3
 Animate Armour           Summ/Erth      0%         N/A       100%        4
 Dispel Undead            Necr           0%         3d6       100%        4
 Flame Wave               Conj/Fire      0%         2d4       100%        4
 Fulminant Prism          Conj/Hex       0%         3d5       100%        4
 Ice Form                 Ice/Tmut       0%         N/A       100%        4
 Olgreb's Toxic Radiance  Pois           0%         N/A       100%        4
 Summon Ice Beast         Ice/Summ       0%         N/A       100%        4
 Alistair's Intoxication  Tmut/Pois      0%         N/A       100%        5
 Fireball                 Conj/Fire      0%         3d3       100%        5
 Iskenderun's Battlesphe  Conj           0%         2d6       100%        5
 Summon Mana Viper        Hex/Summ       0%         N/A       100%        5
 Conjure Ball Lightning   Conj/Air       0%         3x3d6     100%        6
 Dispersal                Tloc           0%         N/A       100%        6
 Iron Shot                Conj/Erth      0%         9d1       100%        6
 Statue Form              Tmut/Erth      0%         N/A       100%        6
 Summon Cactus Giant      Summ           0%         N/A       100%        6
 Monstrous Menagerie      Summ           0%         N/A       100%        7
 Orb of Destruction       Conj           0%         9d5       100%        7
 Spellforged Servitor     Conj/Summ      0%         N/A       100%        7
 Discord                  Hex            0%         N/A       100%        8
 Ignition                 Fire           0%         3d3       100%        8
 Lehudib's Crystal Spear  Conj/Erth      0%         10d2      100%        8


Dungeon Overview and Level Annotations

Branches:
Dungeon (15/15)            Temple (0/1) D:6            Lair (0/5) D:11
    Orc (2/2) D:9             Elf (3/3) Orc:2        Vaults (0/5) D:13
 Depths (0/4) D:15         WizLab (visited)

Altars:
Cheibriados
Dithmenos
Elyvilon
Fedhas
Hepliaklqana
Trog
Uskayaw
Vehumet

Shops:
D:5 (   D:14 [   Orc:2 *([::*


Innate Abilities, Weirdness & Mutations

You have a pair of horns on your head.
You reflexively headbutt those who attack you in melee.
You have sharp toenails.
Your system is resistant to poisons. (rPois)


Message History

Your headbutt misses the deep elf knight.
The deep elf knight is moderately wounded.
The +1 antimagic trident closely misses you.
You hit the deep elf knight. You burn the deep elf knight.
Your kick misses the deep elf knight. You headbutt the deep elf knight.
The deep elf knight is heavily wounded.
The +1 antimagic trident hits you but does no damage.
The deep elf knight hits you with a +0 long sword.
* * * LOW HITPOINT WARNING * * *
You hit the deep elf knight. You burn the deep elf knight.
The deep elf knight is heavily wounded.
The +1 antimagic trident hits you but does no damage.
You whack the deep elf knight! You burn the deep elf knight.
You headbutt the deep elf knight!
You kill the deep elf knight!
The +1 antimagic trident hits you from afar.
* * * LOW HITPOINT WARNING * * *
You feel your power leaking away.
A +2 broad axe of electrocution and a +2 mace of venom come into view.
You whack the deep elf zephyrmancer! You burn the deep elf zephyrmancer.
The deep elf zephyrmancer is severely wounded.
You whack the deep elf zephyrmancer! You burn the deep elf zephyrmancer.
You claw the deep elf zephyrmancer.
You kill the deep elf zephyrmancer!
You block the +1 antimagic trident's attack.
You closely miss the +1 antimagic trident.
Your headbutt misses the +1 antimagic trident.
The +1 antimagic trident is severely damaged.
The +1 antimagic trident hits you but does no damage.
You closely miss the +1 antimagic trident.
Your kick misses the +1 antimagic trident.
The +1 antimagic trident is heavily damaged.
A deep elf knight comes into view.
The +1 antimagic trident closely misses you.
You whack the +1 antimagic trident! You burn the +1 antimagic trident.
The +1 antimagic trident falls from the air.
The +2 broad axe of electrocution hits you!
* * * LOW HITPOINT WARNING * * *
You are electrocuted!
You die...

)###......####.## #.####.# #.##
)..+.....## #.# #.# #.# #.#
.###....## #.# #.# #.# #.# .#
###### ### ### ### ### .# #####
##### *#### ***** .#
##...###...## *#.e.#**,,,** .#
##...#...#...##*#...#,,,*,,,* .#
##...#.....#.(.##...#,,,,,*,,, .#
#...#.......#@.....#,,,,,,,*,, .#
#..#.......).#(.).#...,,,,,,*, .#
#.#..........(#.)#.....,,,,,,* .#
##............)##)......,,,,,, .#
##.............#*..e....,,,,,, ##
#.#...........#).#......,,,,,* .#
#..#.........#....#.....,,,,*, .#
#...#.......#......#....,,,*,,
####....#.....#,.......#...,,*,,,


You could see a deep elf knight and 2 dancing weapons.

Vanquished Creatures
  Jorgrun (D:12)
  Roxanne (Elf:2)
  2 orc warlords (Orc:2)
  A spriggan defender (Elf:1)
  Azrael (Orc:2)
  A deep elf demonologist (Elf:2)
  An orange crystal statue (WizLab)
  An ettin (D:15)
  The ghost of diceflayer the Warrior, a journeyman MiFi of Okawaru (D:11)
  2 deep elf death magi (Elf:1)
  A hydra (D:15)
  4 vault guards (D:13)
  4 centaur warriors
  15 dancing weapons
  4 tengu warriors
  8 two-headed ogres
  A death knight (D:14)
  2 boulder beetles
  2 orc high priests (Orc:2)
  A hell knight (Elf:1)
  16 deep elf knights
  15 deep elf archers
  Pikel (D:8)
  A phantasmal warrior (D:14)
  18 deep elf zephyrmancers
  A wizard (D:15)
  6 ugly things
  2 orc knights
  A necromancer (D:15)
  16 deep elf pyromancers
  5 cyclopes
  6 orc sorcerers
  4 manticores
  The ghost of othur the Basher, a novice GrFi (D:6)
  2 molten gargoyles (D:13)
  Joseph (D:8)
  Maggie (D:6)
  An unseen horror (D:12)
  2 yaktaurs (D:13)
  A freezing wraith (D:14)
  A tengu conjurer (D:13)
  8 trolls
  A water elemental (Elf:1)
  2 air elementals (Elf:1)
  8 slime creatures
  2 wraiths
  2 vampires
  A shadow (D:10)
  8 yaks
  4 fire elementals
  3 steam dragons
  3 vampire mosquitoes (D:12)
  5 wargs (Orc:2)
  3 water moccasins
  3 acid dragons
  3 hell hounds (Orc:2)
  4 ice beasts
  36 orc warriors
  A black bear (D:7)
  14 ogres
  10 centaurs
  4 kobold brigands
  2 lemures (D:8)
  2 bullfrogs
  2 scorpions
  2 earth elementals (Elf:2)
  6 gnoll sergeants
  8 howler monkeys
  22 killer bees
  5 lava snakes (D:13)
  23 orc priests
  A jelly (D:5)
  2 hounds (D:5)
  2 sleepcaps
  A gnoll bouda (D:6)
  31 orc wizards
  Natasha (thrice) (D:4)
  3 iguanas
  11 adders
  23 gnolls
  A white imp (D:7)
  A worm (D:3)
  2 dart slugs (D:1)
  79 orcs
  3 ball pythons
  6 bats
  6 endoplasms
  2 giant cockroaches
  7 goblins
  10 hobgoblins
  2 jackals (D:3)
  4 quokkas
  5 frilled lizards
  17 kobolds
  6 rats
581 creatures vanquished.

Vanquished Creatures (others)
  An orc wizard (Orc:2)
1 creature vanquished.

Grand Total: 582 creatures vanquished

Notes
Turn   | Place    | Note
-------+----------+-------------------------------------------
     0 | D:1      | Kay the Minotaur Monk began the quest for the Orb.
     0 | D:1      | Reached XP level 1. HP: 19/19 MP: 0/0
    94 | D:1      | Reached XP level 2. HP: 23/27 MP: 1/1
   184 | D:1      | Found a faded altar of an unknown god.
   219 | D:1      | Prayed at the altar of an unknown god.
   219 | D:1      | Became a worshipper of Uskayaw the Reveller
   219 | D:1      | Reached * piety under Uskayaw
   219 | D:1      | Reached ** piety under Uskayaw
   512 | D:1      | Reached XP level 3. HP: 33/33 MP: 2/2
   985 | D:2      | Reached *** piety under Uskayaw
   990 | D:2      | Reached **** piety under Uskayaw
   992 | D:2      | Reached XP level 4. HP: 25/41 MP: 3/3
  1262 | D:2      | Found a radiant altar of Vehumet.
  1317 | D:3      | Found a bloodstained altar of Trog.
  1334 | D:3      | Reached skill level 5 in Maces & Flails
  1339 | D:3      | HP: 1/41 [gnoll/+0 spear (5)]
  1339 | D:3      | Reached ***** piety under Uskayaw
  1473 | D:2      | Reached XP level 5. HP: 42/47 MP: 4/4
  2209 | D:3      | Reached skill level 5 in Fighting
  2309 | D:5      | Entered Level 5 of the Dungeon
  2397 | D:4      | Noticed Natasha
  2405 | D:4      | Killed Natasha
  2406 | D:4      | Reached XP level 6. HP: 54/56 MP: 5/5
  2457 | D:4      | Reached skill level 5 in Dodging
  2539 | D:4      | Noticed Natasha
  2545 | D:4      | Killed Natasha
  2642 | D:4      | Noticed Natasha
  2647 | D:4      | Killed Natasha
  2805 | D:5      | Noticed a water moccasin
  2810 | D:5      | Killed a water moccasin
  2861 | D:5      | Found Ycvoineg's Antique Weapon Shoppe.
  2865 | D:5      | Reached XP level 7. HP: 54/61 MP: 6/6
  2934 | D:6      | Noticed Maggie
  2943 | D:6      | Found a staircase to the Ecumenical Temple.
  3097 | D:5      | You fall into a shaft and drop 3 floors!
  3167 | D:7      | Reached skill level 1 in Armour
  3176 | D:7      | Reached XP level 8. HP: 59/70 MP: 7/7
  3793 | D:6      | Killed Maggie
  3805 | D:6      | Identified the +1 robe of Greed {Regen+ Int+3 Dex+6}
  3850 | D:6      | Reached skill level 10 in Maces & Flails
  3894 | D:6      | Found a white marble altar of Elyvilon.
  3894 | D:6      | Found a hazy altar of Hepliaklqana.
  4020 | D:6      | Reached XP level 9. HP: 42/79 MP: 8/8
  4243 | D:6      | Found a transporter.
  4264 | D:6      | Found a transporter.
  4292 | D:6      | Reached ****** piety under Uskayaw
  4568 | D:6      | Noticed othur's ghost (novice GrFi)
  4583 | D:6      | Killed othur's ghost
  4584 | D:6      | Reached skill level 1 in Shields
  4638 | D:6      | Identified the ring of Orphoj {Wiz *Corrode +Blink Will+
                  | Int+8}
  4750 | D:6      | Found a snail-covered altar of Cheibriados.
  4752 | D:6      | Found a blossoming altar of Fedhas.
  4821 | D:7      | Reached skill level 2 in Shields
  4835 | D:6      | Found a hide-covered altar of Uskayaw.
  5007 | D:7      | Reached skill level 3 in Shields
  5163 | D:9      | Noticed a two-headed ogre
  5180 | D:9      | Killed a two-headed ogre
  5181 | D:9      | Reached skill level 5 in Armour
  5181 | D:9      | Reached XP level 10. HP: 74/89 MP: 5/9
  5299 | D:8      | Noticed Joseph
  5319 | D:8      | Killed Joseph
  5320 | D:8      | Reached skill level 4 in Shields
  6385 | D:8      | Found the +18 Lear's hauberk
  6397 | D:8      | Reached skill level 5 in Shields
  6534 | D:8      | Reached skill level 6 in Shields
  6632 | D:8      | Noticed Pikel
  6653 | D:8      | Killed Pikel
  6721 | D:10     | Entered Level 10 of the Dungeon
  6959 | D:9      | Reached skill level 7 in Shields
  7033 | D:9      | Found a staircase to the Orcish Mines.
  7279 | D:9      | Reached XP level 11. HP: 97/97 MP: 10/10
  7320 | D:9      | Reached skill level 8 in Shields
  7434 | D:10     | Noticed a boulder beetle
  7477 | D:10     | Killed a boulder beetle
  7567 | D:12     | Noticed Jorgrun
  7594 | D:12     | Killed Jorgrun
  7595 | D:12     | Reached skill level 9 in Shields
  7618 | D:12     | Noticed a centaur warrior
  7637 | D:12     | Killed a centaur warrior
  7887 | D:10     | Found a shadowy altar of Dithmenos.
  7991 | D:10     | Reached skill level 10 in Shields
  8053 | D:11     | Identified the +5 rapier of Ewaetsuq {heavy, Int+2}
  8117 | D:11     | Noticed a two-headed ogre
  8126 | D:11     | Killed a two-headed ogre
  8127 | D:11     | Reached skill level 10 in Fighting
  8127 | D:11     | Reached skill level 10 in Dodging
  8132 | D:12     | Found a hazy altar of Hepliaklqana.
  8247 | D:11     | Reached skill level 11 in Shields
  8539 | D:11     | Found a staircase to the Lair.
  8557 | D:11     | Found a transporter.
  8557 | D:11     | Noticed a two-headed ogre
  8557 | D:11     | Noticed diceflayer's ghost (journeyman MiFi)
  8557 | D:11     | Noticed a two-headed ogre
  8558 | D:11     | Found a transporter.
  8558 | D:11     | Identified the +3 dire flail of Destiny {freeze, Str+6}
  8558 | D:11     | Noticed a two-headed ogre
  8558 | D:11     | Noticed a two-headed ogre
  8877 | D:11     | Gained mutation: You have sharp toenails. [potion of
                  | mutation]
  8877 | D:11     | Gained mutation: Your system is resistant to poisons.
                  | (rPois) [potion of mutation]
  8886 | D:11     | Killed a two-headed ogre
  8888 | D:11     | Killed a two-headed ogre
  8889 | D:11     | Reached XP level 12. HP: 100/107 MP: 11/11
  8899 | D:11     | Killed diceflayer's ghost
  8900 | D:11     | Reached skill level 12 in Shields
  8904 | D:11     | Killed a two-headed ogre
  8905 | D:11     | Killed a two-headed ogre
  9224 | D:12     | Noticed a centaur warrior
  9233 | D:12     | Killed a centaur warrior
  9252 | D:12     | Noticed a two-headed ogre
  9261 | D:12     | Killed a two-headed ogre
  9412 | D:12     | Noticed a two-headed ogre
  9421 | D:12     | Killed a two-headed ogre
  9422 | D:12     | Reached skill level 13 in Shields
  9801 | D:13     | Noticed a centaur warrior
  9816 | D:13     | Killed a centaur warrior
  9843 | D:13     | Reached skill level 14 in Shields
 10482 | D:13     | Noticed a vault guard
 10599 | D:13     | Noticed a vault guard
 10807 | D:13     | Noticed a vault guard
 10921 | D:13     | Killed a vault guard
 10922 | D:13     | Reached XP level 13. HP: 116/116 MP: 12/12
 10982 | D:13     | Reached skill level 15 in Shields
 11015 | D:13     | Found a gate to the Vaults.
 11397 | D:14     | Found Bad Ukhla's Armour Shoppe.
 11416 | D:14     | Bought the +1 cloak of Starlight {*Dazzle EV+4 Stlth--} for
                  | 579 gold pieces
 11416 | D:14     | Found the +1 cloak of Starlight {*Dazzle EV+4 Stlth--}
 11463 | D:15     | Entered Level 15 of the Dungeon
 11595 | D:14     | Reached skill level 16 in Shields
 11609 | D:14     | Reached skill level 10 in Armour
 12052 | D:15     | Noticed an ettin
 12072 | D:15     | Killed an ettin
 12215 | D:15     | Found a staircase to the Depths.
 12587 | D:15     | Reached skill level 17 in Shields
 12999 | Orc:1    | Entered Level 1 of the Orcish Mines
 13149 | Orc:2    | Entered Level 2 of the Orcish Mines
 13149 | Orc:2    | Found a staircase to the Elven Halls.
 13437 | Orc:2    | Found Ynokusch's Assorted Antiques.
 13456 | Orc:2    | Bought a potion of heal wounds for 175 gold pieces
 13487 | Orc:2    | Found Huull's Book Shoppe.
 13492 | Orc:2    | Found Rereusitz's Book Boutique.
 13775 | Orc:2    | Found Jeij's General Store.
 13786 | Orc:2    | Paralysed by an orc sorcerer for 3 turns
 13795 | Orc:2    | Reached XP level 14. HP: 77/126 MP: 13/13
 13815 | Orc:2    | Bought a potion of curing for 36 gold pieces
 13815 | Orc:2    | Bought a potion of flight for 36 gold pieces
 13859 | Orc:2    | Noticed an orc warlord
 13879 | Orc:2    | Killed an orc warlord
 14050 | Orc:2    | Noticed an orc warlord
 14097 | Orc:2    | Killed an orc warlord
 14118 | Orc:2    | Reached skill level 18 in Shields
 14148 | Orc:2    | Noticed Azrael
 14172 | Orc:2    | Killed Azrael
 14182 | Orc:2    | Found Ukashoex's Antique Armour Shop.
 14193 | Orc:2    | Found Hokaxup's Antique Weapon Boutique.
 14214 | Orc:2    | Bought a runed sling for 121 gold pieces
 14675 | Elf:1    | Entered Level 1 of the Elven Halls
 14703 | Elf:1    | Paralysed by an air elemental for 1 turns
 14741 | Elf:1    | Paralysed by an air elemental for 1 turns
 15003 | Elf:1    | Reached skill level 19 in Shields
 15020 | Elf:1    | Found a magical portal.
 15029 | WizLab   | Entered Wucad Mu's Monastery
 15090 | WizLab   | Noticed a grey draconian monk
 15227 | WizLab   | Noticed a grey draconian monk
 15297 | WizLab   | Found the crystal ball of Wucad Mu {*channel}
 15348 | WizLab   | Reached skill level 15 in Maces & Flails
 15348 | WizLab   | Reached XP level 15. HP: 135/135 MP: 14/14
 15891 | Elf:1    | Reached skill level 20 in Shields
 16131 | Elf:1    | Reached XP level 16. HP: 138/144 MP: 15/15
 16284 | Elf:2    | Found a runed translucent gate.
 16284 | Elf:2    | Found a runed translucent gate.
 16284 | Elf:2    | Found a runed translucent gate.
 16351 | Elf:2    | Identified Roxanne's Incunable of the Shift
 16351 | Elf:2    | Noticed Roxanne
 16736 | Elf:2    | Killed Roxanne
 16747 | Elf:3    | Entered Level 3 of the Elven Halls
 16751 | Elf:3    | Noticed a deep elf master archer
 16753 | Elf:3    | Noticed a deep elf blademaster
 17321 | Elf:2    | Reached skill level 21 in Shields
 17633 | Elf:2    | Slain by a +2 broad axe of electrocution

Illustrated notes

Levels and vault maps discovered:
D:1:      dpeg_arrival_subterranean_lakeside_camping, layout_basic,
          hellmonk_ecumenical_altar_lost_god
D:2:      layout_basic, basic_altar, chequers_arboretum
D:3:      layout_basic, mainiacjoe_overflow_concentric_impassable
D:4:      layout_cave_pools, uniq_natasha
D:5:      layout_gridville, serial_shops, nicolae_shop_trees,
          kennysheep_generic_room_8
D:6:      layout_rooms, nicolae_overflow_hidden_temple,
          minmay_temple_entry_grid, gammafunk_ghost_gnarly_gnolls,
          serial_bayou_pond_d, hangedman_minor_gate_pass, uniq_maggie
D:7:      layout_basic
D:8:      layout_basic, hangedman_abyss_or_decor_lesser_grid,
          minmay_misc_feat_alley, uniq_joseph, uniq_pikel
D:9:      layout_roguey, kennysheep_orc_monster_closet_entryway
D:10:     layout_rooms, kennysheep_mini_moat
D:11:     layout_loops_ring, lair_entry_dummy, gammafunk_ghost_smash
D:12:     layout_loops_cross, drop_trap, nicolae_hepliaklqana_hazy_memory,
          uniq_jorgrun
D:13:     cheibrodos_magma_flow, layout_layer_cave,
          grunt_vaults_entry_fortified, nicolae_kite_square_tiling_tiny
D:14:     layout_loops_ring, serial_shops, nicolae_shop_tiny_statue_garden,
          minmay_misc_feat_rows
D:15:     hangedman_depths_entry_civil_slaughter, layout_irregular_city,
          corexii_corridor_pit
Orc:1:    layout_caves
Orc:2:    grunt_orc_community_town_hall, layout_diamond_mine,
          grunt_orc_community_big_house_1, grunt_orc_community_big_house_2,
          grunt_orc_community_house_1, grunt_orc_community_house_2,
          grunt_orc_community_house_3, grunt_orc_community_house_2,
          grunt_orc_community_house_2, serial_shops, shop, shop, basic_altar,
          elf_legates, uniq_azrael
Elf:1:    layout_geoelf_octagon, mu_enter_wizlab_3, evilmike_minifort,
          sword_in_stone
Elf:2:    nicolae_elf_blades_splatter_lattice
          [nicolae_blade_entry_sentries_behind_glass], layout_gridlike,
          drop_trap, minmay_misc_feat_pillars, minivault_16, uniq_roxanne
Elf:3:    minmay_elf_hall_curves, layout_onion_city, serial_shops,
          nicolae_shop_advertising_works [nicolae_subvault_shop_adworks],
          nicolae_elf_archery_training

Skill      XL: |  1  2  3  4  5  6  7  8  9 10 11 12 13 14 15 16 |
---------------+-------------------------------------------------+-----
Maces & Flails | 4 5 6 7 8 10 11 12 13 14 15 | 15.7
Fighting       | 4 5 6 7 8 9 10 11 12 13 14 | 14.0
Dodging        | 4 5 6 7 8 9 10 11 | 11.8
Armour         | 1 3 5 6 7 9 10 12 13 | 13.3
Shields        | 3 7 11 14 17 19 20 21 | 21.4

Action                     |  1- 3 |  4- 6 |  7- 9 | 10-12 | 13-15 | 16-18 || total
---------------------------+-------+-------+-------+-------+-------+-------++-------
  Melee: Mace              |    49 |       |       |       |       |       ||    49
         Headbutt          |     9 |    25 |    54 |   155 |   213 |    85 ||   541
         Whip              |    15 |   118 |   216 |   615 |   924 |   328 ||  2216
         Kick              |       |       |       |    91 |   352 |   125 ||   568
  Throw: Throwing net      |       |       |       |     2 |     6 |       ||     8
 Invoke: Stomp             |       |       |     1 |       |       |       ||     1
  Evoke: Wand              |       |       |       |       |       |     4 ||     4
    Use: Potion            |       |     2 |     2 |     4 |     1 |     3 ||    12
         Scroll            |       |     4 |     3 |    19 |     3 |     2 ||    31
   Stab: Paralysed         |       |     3 |    15 |    40 |    55 |    11 ||   124
         Held in net/web   |       |       |       |     2 |     4 |       ||     6
         Invisible         |       |       |       |       |    14 |       ||    14
 Armour: Robe              |     8 |     4 |       |       |       |       ||    12
         Leather armour    |       |    25 |    30 |    11 |       |       ||    66
         Chain mail        |       |       |       |   138 |   222 |    58 ||   418
  Dodge: Dodged            |    51 |    63 |   122 |   168 |   288 |    68 ||   760
  Block: Kite shield       |       |       |    29 |   276 |   489 |   118 ||   912
